 Dungeon Crawl Stone Soup version 0.27-a0-1065-ge809cff456 (webtiles) character file.

Game seed: 13870632791524615790

1038 travv0 the Basher (level 8, -1/66 HPs)
             Began as a Minotaur Berserker on Apr 22, 2021.
             Was an Elder of Trog.
             Slain by a gnoll
             ... wielding a +0 halberd
              (6 damage)
             ... on level 6 of the Dungeon.
             The game lasted 00:20:14 (5302 turns).

travv0 the Basher (Minotaur Berserker)              Turns: 5302, Time: 00:20:14

Health: -1/66      AC: 10    Str: 25    XL:     8   Next: 4%
Magic:  7/7        EV:  6    Int:  4    God:    Trog [****..]
Gold:   342        SH: 12    Dex:  9    Spells: 7/7 levels left

rFire    . . .     SeeInvis .   t - +1 mace (vorpal)
rCold    . . .     Faith    +   f - +0 tower shield
rNeg     + . .     Spirit   .   y - +4 ring mail
rPois    .         Reflect  .   (helmet restricted)
rElec    .         Harm     .   n - +0 cloak
rCorr    .         Rampage  .   (no gloves)
Will     .....                  (no boots)
Stlth    +.........             c - amulet of faith
HPRegen  0.21/turn              r - ring of positive energy
MPRegen  0.10/turn              (no ring)

@: on berserk cooldown, slowed, studying Staves, very slow
A: horns 2, retaliatory headbutt
a: Renounce Religion, Berserk, Trog's Hand, Brothers in Arms


You were on level 6 of the Dungeon.
You worshipped Trog.
Trog was greatly pleased with you.
You visited 1 branch of the dungeon, and saw 6 of its levels.

You collected 342 gold pieces.

Inventory:

Hand Weapons
 t - a +1 vorpal mace (weapon)
Missiles
 e - 27 poisoned darts
Armour
 f - a +0 tower shield (worn)
 n - a +0 cloak (worn)
 u - a +1 scale mail of cold resistance
 y - a +4 ring mail (worn)
Jewellery
 c - an amulet of faith (around neck)
 r - a ring of positive energy (left hand)
Wands
 x - a wand of polymorph (8)
Scrolls
 d - 4 scrolls of amnesia {unknown}
 g - 3 scrolls of blinking {unknown}
 i - 2 scrolls of enchant weapon {unknown}
 k - 2 scrolls of identify {unknown}
 m - a scroll of fear {unknown}
 q - a scroll of vulnerability {unknown}
 s - 3 scrolls of noise {unknown}
 v - a scroll of teleportation {unknown}
 w - a scroll of fog {unknown}
Potions
 a - 4 potions of attraction {unknown}
 b - 2 potions of flight {unknown}
 h - a potion of ambrosia {unknown}
 j - a potion of might {unknown}
 l - a potion of lignification {unknown}
 o - a potion of mutation {unknown}
 p - 2 potions of haste {unknown}


   Skills:
 - Level 3.6 Fighting
 + Level 11.4 Maces & Flails
 - Level 2.4 Armour
 - Level 2.2 Dodging
 - Level 0.8 Stealth
 - Level 0.2 Shields


You had 7 spell levels left.
You didn't know any spells.
Your spell library was empty.

Dungeon Overview and Level Annotations

Branches:
Dungeon (6/15)             Temple (0/1) D:4

Altars:
Nemelex Xobeh
Yredelemnul
The Shining One


Innate Abilities, Weirdness & Mutations

You have a pair of horns on your head.
You reflexively headbutt those who attack you in melee.


Message History

You closely miss the gnoll shaman. You headbutt the gnoll shaman.
The gnoll shaman is moderately wounded.
You block the gnoll shaman's attack. x2
You closely miss the gnoll shaman.
The gnoll shaman is moderately wounded.
Your skin stops crawling.
You feel less strong-willed. You block the gnoll shaman's attack.
You thump the gnoll shaman!
You kill the gnoll shaman!
Trog accepts your kill.
You can now call in reinforcements.
The gnoll hits you but does no damage. You block the gnoll's attack.
You hit the gnoll.
The gnoll is severely wounded.
You block the gnoll's attack. x2; The gnoll hits you with a +0 whip.
You block the gnoll's attack.
You hit the gnoll.
You kill the gnoll!
Trog accepts your kill. You block the gnoll's attack. x2
You block the gnoll's attack. You block the ufetubus's attack.
The ufetubus hits you but does no damage.
The gnoll barely misses you.
The ufetubus hits you but does no damage.
The ufetubus hits you.
* * * LOW HITPOINT WARNING * * *
You block the ufetubus's attack.
The ufetubus hits you but does no damage.
You block the gnoll's attack. You block the ufetubus's attack.
The ufetubus hits you but does no damage.
The gnoll hits you from afar with a +0 halberd!
* * * LOW HITPOINT WARNING * * *
You block the ufetubus's attack. The ufetubus hits you.
* * * LOW HITPOINT WARNING * * *
You block the gnoll's attack. The gnoll closely misses you.
You block the ufetubus's attack. x2; The ufetubus hits you.
* * * LOW HITPOINT WARNING * * *
The ufetubus hits you but does no damage.
You block the gnoll's attack.
The gnoll hits you from afar with a +0 halberd.
You die...

#### ##### ..... ...#
##...# #.####
#...).##....######
.......#..#......##########
............gg##..........#
.......#.###.gg....<.####.
#........)))gg5@...#.#
##...###.###..##...#.# ####
#.# #..##...#.# #.#
#..##...#.# #.# #..##...#.#
... ..(##...#.#
..###.###...#)# ..
#.##....#)# #.........#


You could see 6 gnolls and an ufetubus.

Vanquished Creatures
  A steam dragon (D:5)
  A black bear (D:4)
  2 phantoms
  A gnoll sergeant (D:6)
  A scorpion (D:5)
  A jelly (D:5)
  A hound (D:4)
  A gnoll shaman (D:6)
  3 orc priests
  Natasha (thrice) (D:4)
  3 orc wizards
  A hound skeleton (D:4)
  4 adders
  3 gnolls (D:6)
  3 ufetubi (D:4)
  2 worms (D:4)
  4 dart slugs
  23 orcs
  5 ball pythons
  3 endoplasms
  4 giant cockroaches
  6 goblins
  4 hobgoblins
  14 jackals
  2 quokkas (D:1)
  5 bats
  4 frilled lizards
  3 kobolds
  2 rats
110 creatures vanquished.

Notes
Turn   | Place    | Note
-------+----------+-------------------------------------------
     0 | D:1      | travv0 the Minotaur Berserker began the quest for the Orb.
     0 | D:1      | Reached XP level 1. HP: 19/19 MP: 0/0
   138 | D:1      | Reached skill level 4 in Maces & Flails
   142 | D:1      | Reached XP level 2. HP: 27/27 MP: 1/1
   492 | D:1      | Reached skill level 5 in Maces & Flails
   674 | D:1      | Reached ** piety under Trog
   679 | D:1      | Reached XP level 3. HP: 33/33 MP: 2/2
   920 | D:2      | Found a faded altar of an unknown god.
  2269 | D:4      | Noticed a black bear
  2282 | D:4      | Reached XP level 4. HP: 38/40 MP: 3/3
  2285 | D:4      | Reached skill level 6 in Maces & Flails
  2319 | D:4      | Killed a black bear
  2320 | D:4      | Reached skill level 7 in Maces & Flails
  2320 | D:4      | Reached XP level 5. HP: 28/46 MP: 4/4
  2531 | D:4      | Noticed Natasha
  2542 | D:4      | Killed Natasha
  2850 | D:4      | Noticed a phantom
  3007 | D:4      | Killed a phantom
  3008 | D:4      | Reached skill level 8 in Maces & Flails
  3008 | D:4      | Reached XP level 6. HP: 43/52 MP: 5/5
  3093 | D:4      | Reached *** piety under Trog
  3452 | D:4      | Found a staircase to the Ecumenical Temple.
  3576 | D:4      | Noticed Natasha
  3582 | D:4      | Killed Natasha
  3583 | D:4      | Reached skill level 9 in Maces & Flails
  3696 | D:4      | Noticed Natasha
  3703 | D:4      | Killed Natasha
  3865 | D:4      | Reached XP level 7. HP: 40/58 MP: 6/6
  4118 | D:5      | Entered Level 5 of the Dungeon
  4463 | D:5      | Noticed a steam dragon
  4472 | D:5      | Killed a steam dragon
  4473 | D:5      | Reached skill level 10 in Maces & Flails
  4838 | D:5      | Found a basalt altar of Yredelemnul.
  4863 | D:5      | Found a sparkling altar of Nemelex Xobeh.
  4964 | D:5      | Reached skill level 11 in Maces & Flails
  4969 | D:5      | Reached **** piety under Trog
  5095 | D:5      | Found a glowing golden altar of the Shining One.
  5098 | D:5      | Noticed an angel
  5291 | D:6      | Reached XP level 8. HP: 30/66 MP: 7/7
  5302 | D:6      | Slain by a gnoll

Illustrated notes

Levels and vault maps discovered:
D:1:      evilmike_arrival_crescent, layout_loops_ring
D:2:      layout_loops_cross, hellmonk_ecumenical_altar_heavens_door
D:3:      layout_loops_cross
D:4:      layout_cave_pods, minmay_temple_entry_junction_2,
          minmay_manual_monstrance, uniq_natasha
D:5:      layout_loops_ring, grunt_temple_overflow_holy_war,
          nemelex_xobeh_ov_fountains_minmay, nicolae_underground_beach
D:6:      layout_loops_ring, nicolae_overflow_crystal_walls,
          nicolae_qazlal_eye_of_the_storm, jmf_multi_god_temple

Skill      XL: |  1  2  3  4  5  6  7 |
---------------+----------------------+-----
Maces & Flails | 4 5 7 8 9 11 | 11.4
Fighting       | |  3.6
Armour         | |  2.4
Dodging        | |  2.2
Stealth        | |  0.8
Shields        | |  0.2

Action                   |  1- 3 |  4- 6 |  7- 9 || total
-------------------------+-------+-------+-------++-------
Melee: Mace              |    84 |    91 |    93 ||   268
       Headbutt          |     9 |    12 |    12 ||    33
Invok: Berserk           |       |     4 |     2 ||     6
       Trog's Hand       |       |     1 |     2 ||     3
Armor: Animal skin       |     6 |       |       ||     6
       Scale mail        |    34 |    38 |       ||    72
       Chain mail        |       |       |    17 ||    17
       Ring mail         |       |       |    19 ||    19
Dodge: Dodged            |    48 |    48 |    21 ||   117
Block: Tower shield      |       |    11 |    82 ||    93

Table legend: (Time is in decaauts)
 A = Elapsed time spent in this place.
 B = Non-inter-level travel time spent in this place.
 C = Inter-level travel time spent in this place.
 D = Time resting spent in this place.
 E = Time spent auto-exploring this place.
 F = Levels seen in this place.
 G = Mean time per level.
                   A        B        C        D        E       F      G
               +--------+--------+--------+--------+--------+-----+--------+
         Total |   5412 |   5201 |    211 |    479 |   3905 |   6 |  902.0 |
       Dungeon |   5412 |   5201 |    211 |    479 |   3905 |   6 |  902.0 |
               +--------+--------+--------+--------+--------+-----+--------+

Top non-repeatable levels by time:
     D:4: 2028 daAuts
     D:5: 1096 daAuts
     D:1: 786 daAuts
     D:3: 718 daAuts
     D:2: 650 daAuts
     D:6: 132 daAuts
